 Dungeon Crawl Stone Soup version 0.30.0-19-g36f170ea60 (webtiles) character file.

Game seed: 16066824792902174301

932 hawla the Gusty (level 8, -1/57 HPs)
             Began as a Meteoran Air Elementalist on May 29, 2023.
             Slain by Eustachio
             ... wielding a +4 heavy falchion
              (20 damage)
             ... on level 6 of the Dungeon.
             The game lasted 00:09:26 (2136 turns).

hawla the Gusty (Meteoran Air Elementalist)         Turns: 2136, Time: 00:09:27

Health: -1/57      AC:  5    Str: 10    XL:     8   Next: 59%
Magic:  11/17      EV: 13    Int: 19    God:
Gold:   145        SH:  0    Dex: 14    Spells: 7/18 levels left

rFire   . . .        x - +0 flail (heavy)
rCold   . . .        (no shield)
rNeg    + . .        a - +0 robe
rPois   .            k - +0 helmet
rElec   .            c - +0 cloak
rCorr   .            (no gloves)
SInv    +            f - +0 pair of boots
Will    +....        g - amulet of the acrobat
Stlth   +            e - ring of positive energy
HPRegen 0.29/turn    q - ring of see invisible
MPRegen 0.15/turn

%: acrobat
@: glowing
A: sense surroundings 1, otherworldly, glowing, explore regen
a: no special abilities


You were on level 6 of the Dungeon.
You visited 1 branch of the dungeon, and saw 6 of its levels.

You collected 145 gold pieces.

Inventory:

Hand Weapons
 v - a +0 quarterstaff
 x - a +0 heavy flail (weapon)
Armour
 a - a +0 robe (worn)
 c - a +0 cloak (worn)
 f - a +0 pair of boots (worn)
 k - a +0 helmet (worn)
Jewellery
 e - a ring of positive energy (left hand)
 g - an amulet of the acrobat (around neck)
 q - a ring of see invisible (right hand)
Wands
 n - a wand of quicksilver (12)
Scrolls
 b - a scroll of torment {unknown}
 h - a scroll of brand weapon {unknown}
 i - 3 scrolls of identify
 j - 2 scrolls of summoning
 l - 2 scrolls of teleportation {unknown}
 m - 2 scrolls of enchant weapon {unknown}
 u - a scroll of blinking {unknown}
 y - a scroll of silence {unknown}
Potions
 d - a potion of curing
 o - a potion of attraction
 p - a potion of flight {unknown}
 r - 2 potions of haste
 s - a potion of berserk rage {unknown}
 t - a potion of magic
 w - a potion of ambrosia {unknown}


   Skills:
 - Level 0.1 Fighting
 - Level 4.2 Dodging
 - Level 1.4 Stealth
 - Level 5.7 Spellcasting
 - Level 4.3 Conjurations
 + Level 3.0 Necromancy
 - Level 6.8 Air Magic
 - Level 3.0 Evocations


You had 7 spell levels left.
You knew the following spells:

 Your Spells              Type           Power      Damage    Failure   Level
a - Shock                 Conj/Air       100%       1d9       1%          1
b - Static Discharge      Conj/Air       52%        2-5/arc   1%          2
c - Airstrike             Air            15%        2d(3-19)  7%          4
d - Dispel Undead         Necr           17%        3d10      32%         4

Your spell library contained the following spells:

 Spells                   Type           Power      Damage    Failure   Level
 Swiftness                Air            31%        N/A       1%          3
 Cigotuvi's Dreadful Rot  Necr/Pois/Air  36%        N/A       4%          2
 Death Channel            Necr           8%         N/A       99%         6


Dungeon Overview and Level Annotations

Branches:
Dungeon (6/15) Zot: 1465
 Temple: D:4-7

Altars:
Ashenzari
Dithmenos
Hepliaklqana
Ru
Trog

Shops:
D:5 [

Annotations:
D:6 Eustachio


Innate Abilities, Weirdness & Mutations

You passively map a small area around you.
You are easily found by Zot.
You glow in the dark.
You regain HP and MP as you explore.


Message History

Press: ? - help, Shift-Dir - straight line, f/p - Eustachio
Aim: Eustachio, wielding a +4 heavy falchion, wearing a +2 leather armour of willpower and carrying a wand of flame (18) (moderately wounded, 64% to hit)
The zap hits Eustachio.
Eustachio is moderately wounded.
Eustachio screams, "Hey, you killed my favourite bat!"
Eustachio completely misses you.
Casting: Shock (safe; 1% risk of failure)
Confirm with . or Enter, or press ? or * to list all spells.
Eustachio is struck by an arc of lightning.
Eustachio is heavily wounded.
You are struck by an arc of lightning.
Eustachio is struck by an arc of lightning.
Eustachio is severely wounded.
The lightning grounds out.
Eustachio zaps a wand.
The puff of flame hits you.
Casting: Static Discharge (safe; 1% risk of failure)
Confirm with . or Enter, or press ? or * to list all spells.
Eustachio is struck by an arc of lightning.
Eustachio is severely wounded.
You are struck by an arc of lightning.
Eustachio is struck by an arc of lightning.
Eustachio is severely wounded.
The lightning grounds out.
Eustachio hits you with a +4 heavy falchion!!
* * * LOW HITPOINT WARNING * * *
Unknown command.
Casting: Static Discharge (safe; 1% risk of failure)
Confirm with . or Enter, or press ? or * to list all spells.
Eustachio is struck by an arc of lightning.
Eustachio is almost dead.
You are struck by an arc of lightning.
* * * LOW HITPOINT WARNING * * *
Eustachio is struck by an arc of lightning.
Eustachio is almost dead.
You are struck by an arc of lightning.
* * * LOW HITPOINT WARNING * * *
The lightning grounds out.
Unknown command.
You feel better.
Eustachio hits you with a +4 heavy falchion!!
You die...

.......#..)........##
.......##)..........#
#.......)......#...# #
#..............#...#.#
...................#.##
......................#
..............#.......##
.........(...###(..#...#
.............##.@......#
.#..##....##....@.....##
##..####..#....#......#
##..# #..###<..#..#....#
..... #. # #......#....#
#..... ,, #.. .... ..##
# ,, , *#.. ....,### ..
.. ...... ... , , ,


You could see Eustachio.

Vanquished Creatures
  Sigmund (D:5)
  A water moccasin (D:5)
  A black bear (D:6)
  An ogre (D:4)
  A phantom (D:4)
  A scorpion (D:4)
  A hound (D:5)
  An orc priest (D:4)
  An iguana (D:6)
  3 orc wizards
  7 gnolls (D:5)
  6 adders (D:3)
  14 orcs
  3 ball pythons
  A goblin (D:4)
  4 hobgoblins
  2 kobolds
  3 quokkas
  A bat (D:3)
  A frilled lizard (D:2)
54 creatures vanquished.

Vanquished Creatures (collateral kills)
  A hound (D:5)
1 creature vanquished.

Grand Total: 55 creatures vanquished

Notes
Turn   | Place    | Note
-------+----------+-------------------------------------------
     0 | D:1      | hawla the Meteoran Air Elementalist began the quest for the
                  | Orb.
     0 | D:1      | Reached XP level 1. HP: 14/14 MP: 5/5
    33 | D:2      | Found a faded altar of an unknown god.
    67 | D:2      | Reached XP level 2. HP: 20/20 MP: 0/6
    70 | D:2      | Learned a level 2 spell: Static Discharge
   128 | D:3      | Reached skill level 4 in Air Magic
   244 | D:3      | Reached XP level 3. HP: 22/26 MP: 4/8
   273 | D:3      | Reached XP level 4. HP: 33/33 MP: 7/10
   372 | D:3      | Reached skill level 5 in Air Magic
   407 | D:4      | Reached XP level 5. HP: 30/38 MP: 5/11
   535 | D:4      | Found a bloodstained altar of Trog.
   553 | D:4      | Reached XP level 6. HP: 9/45 MP: 10/13
   681 | D:4      | Found a broken altar of Ashenzari.
   771 | D:4      | Reached skill level 6 in Air Magic
  1165 | D:4      | Noticed an ogre
  1170 | D:4      | Killed an ogre
  1171 | D:4      | Reached XP level 7. HP: 50/50 MP: 11/15
  1176 | D:4      | Learned a level 4 spell: Airstrike
  1289 | D:5      | Entered Level 5 of the Dungeon
  1324 | D:5      | Reached skill level 1 in Evocations
  1369 | D:5      | Found Vuej's Antique Armour Shoppe.
  1519 | D:5      | Found a shadowy altar of Dithmenos.
  1519 | D:5      | Noticed a shadow
  1584 | D:5      | Noticed a water moccasin
  1589 | D:5      | Killed a water moccasin
  1590 | D:5      | Reached skill level 5 in Spellcasting
  1643 | D:5      | Reached XP level 8. HP: 57/57 MP: 12/16
  1711 | D:5      | Found a sacrificial altar of Ru.
  1823 | D:5      | Found a hazy altar of Hepliaklqana.
  1907 | D:5      | Noticed Sigmund
  1913 | D:5      | Killed Sigmund
  2035 | D:5      | Learned a level 4 spell: Dispel Undead
  2063 | D:6      | Reached skill level 1 in Necromancy
  2126 | D:6      | Noticed Eustachio
  2136 | D:6      | Slain by Eustachio

Illustrated notes

Levels and vault maps discovered:
D:1:      dpeg_arrival_long_road, layout_basic, corexii_corridor_pit,
          st_stairs_5, minmay_lizard_king
D:2:      layout_loops_ring, shapermc_ecumenical_altar_mp_ritualfount,
          minmay_shallow_snake_nest
D:3:      layout_basic, mainiacjoe_overflow_alcove_4
D:4:      layout_cave_pods, kennysheep_mini_moat, nicolae_ashenzari_skybound
D:5:      layout_loops_ring, riverfiend_overflow_shadow_ancestor,
          nicolae_ru_the_path_less_chosen, serial_shops, nicolae_shop_crystal,
          uniq_sigmund
D:6:      layout_cave_pools, serial_shops, nicolae_shop_bloodbath_and_beyond,
          uniq_grinder, uniq_maggie, uniq_eustachio

Skill      XL: |  1  2  3  4  5  6  7  8 |
---------------+-------------------------+-----
Spellcasting   | 3 4 5 |  5.7
Air Magic      | 4 5 6 |  6.8
Dodging        | 3 4 |  4.2
Conjurations   | 3 4 |  4.3
Evocations     | 3 |  3.0
Necromancy     | 3 |  3.0
Fighting       | |  0.1
Stealth        | |  1.4

Action                     |  1- 3 |  4- 6 |  7- 9 || total
---------------------------+-------+-------+-------++-------
  Melee: Unarmed           |       |    17 |       ||    17
         Quarterstaff      |       |       |     2 ||     2
   Cast: Shock             |    23 |    28 |    31 ||    82
         Static Discharge  |     2 |    25 |    24 ||    51
  Evoke: Wand              |       |     2 |       ||     2
    Use: Potion            |       |     2 |     1 ||     3
         Scroll            |       |       |     5 ||     5
 Armour: Robe              |     1 |    13 |     7 ||    21
  Dodge: Dodged            |     2 |    21 |    20 ||    43
